cohdb
Replays
Latest Replays
All Replays
Popular Replays
Top Player Replays
Match Explorer
How It Works
Community
CoH3 Stats
Reddit
Sign in to upload your games and track your stats! →
Sign in with Steam
Match 43109824
Unlisted
Match 43109824
Overview
Messages
Build Orders
End
Selects Special Operations Battlegroup
Selects M29 Weasel Recon Vehicle
M29 Weasel Recon Vehicle
Construct Barracks
Riflemen Squad
Riflemen Squad
Riflemen Squad
Engineer Squad
Mechanized Support Center
Grenade Package
Riflemen Squad
Riflemen Squad
Bran
CPU - Hard
0
0
Comments
sign in to comment!
No comments posted yet!